 Dungeon Crawl Stone Soup version 0.23.1 (webtiles) character file.

Game seed: 12331904288850696093

49 Borgoz the Sneak (level 3, -1/27 HPs)
             Began as a Ghoul Enchanter on Mar 4, 2019.
             Slain by an adder (5 damage)
             ... on level 2 of the Dungeon.
             The game lasted 00:02:50 (1076 turns).

Borgoz the Sneak (Ghoul Enchanter)                  Turns: 1076, Time: 00:02:51

Health: -1/27      AC:  2    Str: 11    XL:     3   Next: 75%
Magic:  1/4        EV: 18    Int: 14    God:
Gold:   97         SH:  0    Dex: 15    Spells: 2/5 levels left

rFire    . . .     SeeInvis .   a - +1 dagger
rCold    + . .     Gourm    .   (no shield)
rNeg     + + +     Faith    .   b - +0 robe
rPois    ∞         Spirit   .   (no helmet)
rElec    .         Reflect  .   (no cloak)
rCorr    .         Harm     .   (no gloves)
MR       .....                  (no boots)
Stlth    ++++......             (no amulet)
HPRegen  0.00/turn              n - +4 ring of intelligence
MPRegen  0.09/turn              (no ring)

@: agile, rotting
A: rotting body, claws 1, carnivore, cold resistance 1, negative energy
resistance 3, inhibited regeneration, torment resistance, unbreathing
a: no special abilities


You were on level 2 of the Dungeon.
You were not hungry.

You visited 1 branch of the dungeon, and saw 2 of its levels.

You collected 97 gold pieces.

Inventory:

Hand Weapons
 a - a +1 dagger (weapon)
 f - a +0 dagger of flaming
Missiles
 e - 13 poisoned needles
Armour
 b - a +0 robe (worn)
Jewellery
 n - a +4 ring of intelligence (left claw)
Scrolls
 g - a scroll of noise {unknown}
 h - a scroll of enchant armour {unknown}
 i - a scroll of immolation {unknown}
 k - 3 scrolls of random uselessness {unknown}
 l - a scroll of identify {unknown}
 m - a scroll of enchant weapon {unknown}
Comestibles
 d - 2 rations


   Skills:
 + Level 0.4 Fighting
 + Level 1.3 Short Blades
 + Level 2.1 Dodging
 + Level 4.1 Stealth
 + Level 1.9 Spellcasting
 + Level 2.7 Hexes
 + Level 0.1 Ice Magic


You had 2 spell levels left.
You knew the following spells:

 Your Spells              Type           Power        Failure   Level  Hunger
a - Corona                Hex            #......      8%          1    ##.....
b - Ensorcelled Hibernat  Hex/Ice        #.....       21%         2    ###....

Your spell library contained the following spells:

 Spells                   Type           Power        Failure   Level  Hunger
 Confuse                  Hex            #.......     24%         3    ####...
 Tukima's Dance           Hex            #.......     24%         3    ####...
 Dazzling Spray           Conj/Hex       #.....       38%         3    ####...


Dungeon Overview and Level Annotations

Branches:
Dungeon (2/15)

Altars:


Innate Abilities, Weirdness & Mutations

Your body is rotting away.
You thrive on raw meat.
You are immune to poison.
You have sharp fingernails.
You are carnivorous and can eat meat at any time.
Your flesh is cold resistant. (rC+)
You are immune to negative energy. (rN+++)
You do not regenerate when monsters are visible.
You are immune to unholy pain and torment.
You can survive without breathing.


Message History

The adder closely misses you. The adder completely misses you.
You closely miss the adder.
The adder is almost dead.
The adder barely misses you.
You barely miss the adder.
The adder is almost dead.
The adder barely misses you.
You barely miss the adder.
The adder is almost dead.
The adder stops glowing.
The adder bites you.
* * * LOW HITPOINT WARNING * * *
It was a potion of agility.
You feel agile all of a sudden. The adder bites you.
* * * LOW HITPOINT WARNING * * *
The adder closely misses you.
You barely miss the adder.
The adder is almost dead.
The adder bites you.
You die...

#............#......<#.#####
#......#####.#.#####.# #
#......# #.#.# #.# #......#
#.#.# #.# #......# #.#.# #.#
#......# #.#.. ..# #......#
#.### ### #......#
#.#########.
#......#####wgS@.......
#............g########.
####....÷.....# #..........#
#..........#
#.........w###### .#
#...............# .#
#...............# .####
#............w..###.....


You could see a worm, an adder and 2 goblins.

Vanquished Creatures
  2 oozes
  2 dart slugs (D:1)
  2 leopard geckos (D:1)
  An orc (D:2)
  A ball python (D:1)
  4 giant cockroaches
  3 goblins
  6 hobgoblins (D:1)
  A quokka (D:2)
  A bat (D:1)
  2 kobolds (D:1)
  4 rats
29 creatures vanquished.

Notes
Turn   | Place    | Note
-------+----------+-------------------------------------------
     0 | D:1      | Borgoz the Ghoul Enchanter began the quest for the Orb.
     0 | D:1      | Reached XP level 1. HP: 14/14 MP: 2/2
    78 | D:1      | Reached XP level 2. HP: 18/20 MP: 3/3
   241 | D:1      | Learned a level 2 spell: Ensorcelled Hibernation
   326 | D:1      | Reached skill level 1 in Short Blades
   344 | D:1      | Reached XP level 3. HP: 22/26 MP: 2/4
   500 | D:1      | Reached skill level 4 in Stealth
  1076 | D:2      | Slain by an adder

Skill      XL: |  1  2  3 |
---------------+----------+-----
Dodging        | 2 |  2.1
Short Blades   | 1 |  1.3
Stealth        | 4 |  4.1
Fighting       | |  0.4
Spellcasting   | |  1.9
Hexes          | |  2.7
Ice Magic      | |  0.1

Action                   || total
-------------------------++-------
Melee: Dagger            ||    88
 Cast: Corona            ||     4
       Ensorcelled Hiber ||    11
  Use: Potion            ||     1
 Stab: Sleeping          ||    13
  Eat: Chunk             ||     3
Armor: Robe              ||     9
Dodge: Dodged            ||    59
